 Dungeon Crawl Stone Soup version 0.32-a0-540-g866d13106e (webtiles) character file.

Game seed: 12209997020119176126

76 zenocrate the Scratcher (level 4, 19/22 HPs)
             Began as a Felid Shapeshifter on Feb 29, 2024.
             Quit the game on level 1 of the Abyss.
             The game lasted 00:01:38 (1760 turns).

zenocrate the Scratcher (Felid Shapeshifter)        Turns: 1760, Time: 00:01:39

Health: 19/22      AC:  1    Str: 10    XL:     4   Next: 12%
Magic:  5/5        EV: 17    Int: 13    God:
Gold:   193        SH:  0    Dex: 18    Spells: 3/3 levels left
                                        Lives:  1   Deaths: 1

rFire   . .          .
                       - Unarmed
rCold   . . .        (shield unavailable)
rNeg    . . .        (body armour unavailable)
rPois   .            (helmet unavailable)
rElec   .            (cloak unavailable)
rCorr   .            (gloves unavailable)
SInv    +            (boots unavailable)
Will    .....        (no amulet)
Stlth   ++           (no ring)
HPRegen 0.23/turn    (no ring)
MPRegen 0.09/turn

%: no passive effects
@: beast-form
A: beast (slay +1), very small, claws 1, fangs 3, see invisible, shaggy fur 1,
stealthy paws, no weapons or thrown items, no armour, multi-lived
a: Begin Untransformation


You were on level 1 of the Abyss.
You were a hulking beast.
You visited 1 branch of the dungeon, and saw 3 of its levels.
You visited the Abyss 1 time.

You collected 193 gold pieces.

Inventory:

Talismans
 b - a beast talisman (active)
 c - a flux talisman
 j - a blade talisman
Wands
 k - a wand of flame (6)
Scrolls
 e - 2 scrolls of identify {unknown}
 f - a scroll of silence {unknown}
 i - a scroll of fear {unknown}
Potions
 a - a potion of lignification
 d - a potion of mutation {unknown}
 g - 2 potions of curing {unknown}
 h - a potion of berserk rage {unknown}


   Skills:
 - Level 1.0 Fighting
 - Level 2.6 Dodging
 * Level 5.0 Unarmed Combat
 - Level 2.6 Shapeshifting


You had 3 spell levels left.
You didn't know any spells.
Your spell library was empty.

Dungeon Overview and Level Annotations

Branches:
Dungeon (3/15)

Altars:
Wu Jian


Innate Abilities, Weirdness & Mutations

You are a hulking beast.
Your limbs bulge with bestial killing power. (Slay +1)
You have sharp claws.
You have razor-sharp teeth.
You have supernaturally acute eyesight. (SInv)
You are covered in fur. (AC +1)
Your paws help you pounce on unaware monsters.
You are incapable of wielding weapons or throwing items.
You cannot wear armour.
You gain extra lives every three experience levels.


Message History

Space warps around you.
A ribbon worm comes into view.
Unknown command.
You barely miss the orc. Your claw misses the orc.
The orc is moderately wounded.
The orc barely misses you.
Unknown command.
You closely miss the orc.
The orc is moderately wounded.
The orc hits you with a +2 mace of distortion.
Space warps horribly around you!
Ouch! That really hurt!
You die...
Your shape twists and changes as you die.
You rejoin the land of the living...
Found a stone staircase leading down.
A ball python is nearby!
A ball python is nearby!
There are monsters nearby!
The ball python barely misses you.
You closely miss the ball python. The ball python closely misses you.
The ball python barely misses you.
You scratch the ball python.
The ball python is moderately wounded.
The ball python closely misses you. The ball python misses you.
You closely miss the orc. Your bite misses the orc.
The orc is moderately wounded.
The ball python misses you. The ball python completely misses you.
The orc misses you.
You scratch the ball python.
The ball python is heavily wounded.
The ball python closely misses you. The ball python barely misses you.
You barely miss the orc.
The orc is lightly wounded.
The ball python completely misses you. The ball python misses you.
The orc hits you with a +2 mace of distortion.
You are cast into the Abyss!
This branch contains the abyssal rune of Zot.
Unknown command.
Are you sure you want to abandon this character and quit the game? (Confirm with "yes".)

..#.#
..... ...#
.....
..........
..#.....
......
#.#.#
##...#
#.h..#
#.#......#
#.##.#.##.
... .# #
##.# # ..#
#.# ..#


There were no monsters in sight!

Vanquished Creatures
  Jessica (D:2)
  An adder (D:2)
  A ribbon worm (D:2)
  2 ball pythons (D:2)
  3 endoplasms (D:2)
  2 giant cockroaches
  5 hobgoblins
  2 jackals (D:2)
  2 kobolds
  2 quokkas (D:1)
  5 bats
  4 frilled lizards
  3 goblins
  5 rats
38 creatures vanquished.

Notes
Turn   | Place    | Note
-------+----------+-------------------------------------------
     0 | D:1      | zenocrate the Felid Shapeshifter began the quest for the
                  | Orb.
     0 | D:1      | Reached XP level 1. HP: 10/10 MP: 2/2
   365 | D:1      | Found a faded altar of an unknown god.
   520 | D:1      | Reached XP level 2. HP: 14/14 MP: 3/3
   907 | D:2      | Noticed Jessica
   920 | D:2      | Killed Jessica
   921 | D:2      | Reached skill level 4 in Unarmed Combat
   921 | D:2      | Reached XP level 3. HP: 7/18 MP: 4/4
  1131 | D:2      | Found an ornate altar of the Wu Jian Council.
  1563 | D:2      | Reached skill level 5 in Unarmed Combat
  1563 | D:2      | Reached XP level 4. HP: 19/22 MP: 5/5
  1563 | D:2      | Gained a life (2 lives remaining)
  1748 | D:3      | Slain by an orc
  1748 | D:3      | Lost a life (1 life remaining)
  1758 | Abyss:1  | Cast into level 1 of the Abyss (orc)
  1760 | Abyss:1  | Quit the game

Illustrated notes

Levels and vault maps discovered:
D:1:      dpeg_arrival_round_a, layout_loops_corners,
          shapermc_ecumenical_altar_mp_highgroup
D:2:      layout_loops_ring, basic_altar, uniq_jessica
D:3:      layout_loops_cross, minmay_misc_feat_ornament, st_stairs_9,
          uniq_sigmund, uniq_grinder
Abyss:1:  base:
D:1

Skill      XL: |  1  2  3 |
---------------+----------+-----
Unarmed Combat | 4 5 |  5.0
Fighting       | |  1.0
Dodging        | |  2.6
Shapeshifting  | |  2.6

Action                     |  1- 3 |  4- 6 || total
---------------------------+-------+-------++-------
  Melee: Unarmed           |    78 |    13 ||    91
         Bite              |     3 |       ||     3
   Stab: Sleeping          |     2 |       ||     2
 Armour: Skin              |    19 |     5 ||    24
  Dodge: Dodged            |    63 |    16 ||    79

Table legend: (Time is in decaauts)
 A = Elapsed time spent in this place.
 B = Non-inter-level travel time spent in this place.
 C = Inter-level travel time spent in this place.
 D = Time resting spent in this place.
 E = Time spent auto-exploring this place.
 F = Levels seen in this place.
 G = Mean time per level.
                   A        B        C        D        E       F      G
               +--------+--------+--------+--------+--------+-----+--------+
         Total |   1751 |   1694 |     57 |      0 |   1451 |   4 |  437.8 |
       Dungeon |   1749 |   1692 |     57 |      0 |   1451 |   3 |  583.0 |
         Abyss |      1 |      1 |      0 |      0 |      0 |   1 |    1.0 |
               +--------+--------+--------+--------+--------+-----+--------+

Top non-repeatable levels by time:
     D:1: 864 daAuts
     D:2: 769 daAuts
     D:3: 116 daAuts
 Abyss:1: 1 daAuts
